%YAML 1.1
%TAG !u! tag:unity3d.com,2011:
--- !u!1 &1676887703479951652
GameObject:
  m_ObjectHideFlags: 0
  m_CorrespondingSourceObject: {fileID: 0}
  m_PrefabInstance: {fileID: 0}
  m_PrefabAsset: {fileID: 0}
  serializedVersion: 6
  m_Component:
  - component: {fileID: 1676887703479951655}
  m_Layer: 0
  m_Name: FernCheckpoint
  m_TagString: Untagged
  m_Icon: {fileID: 0}
  m_NavMeshLayer: 0
  m_StaticEditorFlags: 0
  m_IsActive: 1
--- !u!4 &1676887703479951655
Transform:
  m_ObjectHideFlags: 0
  m_CorrespondingSourceObject: {fileID: 0}
  m_PrefabInstance: {fileID: 0}
  m_PrefabAsset: {fileID: 0}
  m_GameObject: {fileID: 1676887703479951652}
  m_LocalRotation: {x: 0, y: 0, z: 0, w: 1}
  m_LocalPosition: {x: 0, y: 0, z: 0}
  m_LocalScale: {x: 1, y: 1, z: 1}
  m_Children:
  - {fileID: 1645528880898980190}
  - {fileID: 4297631283580154071}
  - {fileID: 929750961345514165}
  - {fileID: 2925621225769443865}
  - {fileID: 8261926148816681064}
  - {fileID: 6442780776455455345}
  - {fileID: 8375886407281022435}
  - {fileID: 1681438708663366917}
  - {fileID: 1681438707610306566}
  - {fileID: 1681438708608037509}
  - {fileID: 1681438707417041416}
  - {fileID: 8272558983646796291}
  - {fileID: 3430475107404724253}
  - {fileID: 3430475107340048858}
  - {fileID: 8375886406270387579}
  - {fileID: 8375886406823886822}
  - {fileID: 6442780776119187813}
  - {fileID: 6442780776101275973}
  - {fileID: 1027994515518033698}
  - {fileID: 8261926149400142921}
  - {fileID: 8261926149616717125}
  - {fileID: 1027994515710707857}
  - {fileID: 5926513589057629044}
  - {fileID: 1681342115163057366}
  - {fileID: 1678431067142184692}
  m_Father: {fileID: 0}
  m_RootOrder: 0
  m_LocalEulerAnglesHint: {x: 0, y: 0, z: 0}
--- !u!64 &1676887702693474217
MeshCollider:
  m_ObjectHideFlags: 0
  m_CorrespondingSourceObject: {fileID: 0}
  m_PrefabInstance: {fileID: 0}
  m_PrefabAsset: {fileID: 0}
  m_GameObject: {fileID: 7234027218527639911}
  m_Material: {fileID: 0}
  m_IsTrigger: 0
  m_Enabled: 1
  serializedVersion: 4
  m_Convex: 0
  m_CookingOptions: 30
  m_Mesh: {fileID: 0}
--- !u!1001 &1676887702042567853
PrefabInstance:
  m_ObjectHideFlags: 0
  serializedVersion: 2
  m_Modification:
    m_TransformParent: {fileID: 1676887703479951655}
    m_Modifications:
    - target: {fileID: 4092245767632383035, guid: e9fffbe518c870a448f43892b1a91e7f,
        type: 3}
      propertyPath: m_Name
      value: SM_Plant_Grass_05
      objectReference: {fileID: 0}
    - target: {fileID: 4097992623764356471, guid: e9fffbe518c870a448f43892b1a91e7f,
        type: 3}
      propertyPath: m_LocalPosition.x
      value: 3.401289
      objectReference: {fileID: 0}
    - target: {fileID: 4097992623764356471, guid: e9fffbe518c870a448f43892b1a91e7f,
        type: 3}
      propertyPath: m_LocalPosition.y
      value: 15.118
      objectReference: {fileID: 0}
    - target: {fileID: 4097992623764356471, guid: e9fffbe518c870a448f43892b1a91e7f,
        type: 3}
      propertyPath: m_LocalPosition.z
      value: 13.773978
      objectReference: {fileID: 0}
    - target: {fileID: 4097992623764356471, guid: e9fffbe518c870a448f43892b1a91e7f,
        type: 3}
      propertyPath: m_LocalRotation.x
      value: -0
      objectReference: {fileID: 0}
    - target: {fileID: 4097992623764356471, guid: e9fffbe518c870a448f43892b1a91e7f,
        type: 3}
      propertyPath: m_LocalRotation.y
      value: -0
      objectReference: {fileID: 0}
    - target: {fileID: 4097992623764356471, guid: e9fffbe518c870a448f43892b1a91e7f,
        type: 3}
      propertyPath: m_LocalRotation.z
      value: -0
      objectReference: {fileID: 0}
    - target: {fileID: 4097992623764356471, guid: e9fffbe518c870a448f43892b1a91e7f,
        type: 3}
      propertyPath: m_LocalRotation.w
      value: 1
      objectReference: {fileID: 0}
    - target: {fileID: 4097992623764356471, guid: e9fffbe518c870a448f43892b1a91e7f,
        type: 3}
      propertyPath: m_RootOrder
      value: 13
      objectReference: {fileID: 0}
    - target: {fileID: 4097992623764356471, guid: e9fffbe518c870a448f43892b1a91e7f,
        type: 3}
      propertyPath: m_LocalEulerAnglesHint.x
      value: 0
      objectReference: {fileID: 0}
    - target: {fileID: 4097992623764356471, guid: e9fffbe518c870a448f43892b1a91e7f,
        type: 3}
      propertyPath: m_LocalEulerAnglesHint.y
      value: 0
      objectReference: {fileID: 0}
    - target: {fileID: 4097992623764356471, guid: e9fffbe518c870a448f43892b1a91e7f,
        type: 3}
      propertyPath: m_LocalEulerAnglesHint.z
      value: 0
      objectReference: {fileID: 0}
    m_RemovedComponents: []
  m_SourcePrefab: {fileID: 100100000, guid: e9fffbe518c870a448f43892b1a91e7f, type: 3}
--- !u!4 &3430475107340048858 stripped
Transform:
  m_CorrespondingSourceObject: {fileID: 4097992623764356471, guid: e9fffbe518c870a448f43892b1a91e7f,
    type: 3}
  m_PrefabInstance: {fileID: 1676887702042567853}
  m_PrefabAsset: {fileID: 0}
--- !u!1001 &1676887702046915544
PrefabInstance:
  m_ObjectHideFlags: 0
  serializedVersion: 2
  m_Modification:
    m_TransformParent: {fileID: 1676887703479951655}
    m_Modifications:
    - target: {fileID: 1426337954706770, guid: d6a9cc8f03380b2498b5e6d4500e0af6, type: 3}
      propertyPath: m_Name
      value: Butterlies_Particle_01_Blue (1)
      objectReference: {fileID: 0}
    - target: {fileID: 4736446456436494, guid: d6a9cc8f03380b2498b5e6d4500e0af6, type: 3}
      propertyPath: m_LocalPosition.x
      value: -3.41
      objectReference: {fileID: 0}
    - target: {fileID: 4736446456436494, guid: d6a9cc8f03380b2498b5e6d4500e0af6, type: 3}
      propertyPath: m_LocalPosition.y
      value: 16.18
      objectReference: {fileID: 0}
    - target: {fileID: 4736446456436494, guid: d6a9cc8f03380b2498b5e6d4500e0af6, type: 3}
      propertyPath: m_LocalPosition.z
      value: 15.74
      objectReference: {fileID: 0}
    - target: {fileID: 4736446456436494, guid: d6a9cc8f03380b2498b5e6d4500e0af6, type: 3}
      propertyPath: m_LocalRotation.x
      value: -0
      objectReference: {fileID: 0}
    - target: {fileID: 4736446456436494, guid: d6a9cc8f03380b2498b5e6d4500e0af6, type: 3}
      propertyPath: m_LocalRotation.y
      value: -0
      objectReference: {fileID: 0}
    - target: {fileID: 4736446456436494, guid: d6a9cc8f03380b2498b5e6d4500e0af6, type: 3}
      propertyPath: m_LocalRotation.z
      value: -0
      objectReference: {fileID: 0}
    - target: {fileID: 4736446456436494, guid: d6a9cc8f03380b2498b5e6d4500e0af6, type: 3}
      propertyPath: m_LocalRotation.w
      value: 1
      objectReference: {fileID: 0}
    - target: {fileID: 4736446456436494, guid: d6a9cc8f03380b2498b5e6d4500e0af6, type: 3}
      propertyPath: m_RootOrder
      value: 23
      objectReference: {fileID: 0}
    - target: {fileID: 4736446456436494, guid: d6a9cc8f03380b2498b5e6d4500e0af6, type: 3}
      propertyPath: m_LocalEulerAnglesHint.x
      value: 0
      objectReference: {fileID: 0}
    - target: {fileID: 4736446456436494, guid: d6a9cc8f03380b2498b5e6d4500e0af6, type: 3}
      propertyPath: m_LocalEulerAnglesHint.y
      value: 0
      objectReference: {fileID: 0}
    - target: {fileID: 4736446456436494, guid: d6a9cc8f03380b2498b5e6d4500e0af6, type: 3}
      propertyPath: m_LocalEulerAnglesHint.z
      value: 0
      objectReference: {fileID: 0}
    - target: {fileID: 198697307350672482, guid: d6a9cc8f03380b2498b5e6d4500e0af6,
        type: 3}
      propertyPath: UVModule.flipU
      value: 0
      objectReference: {fileID: 0}
    m_RemovedComponents: []
  m_SourcePrefab: {fileID: 100100000, guid: d6a9cc8f03380b2498b5e6d4500e0af6, type: 3}
--- !u!4 &1681342115163057366 stripped
Transform:
  m_CorrespondingSourceObject: {fileID: 4736446456436494, guid: d6a9cc8f03380b2498b5e6d4500e0af6,
    type: 3}
  m_PrefabInstance: {fileID: 1676887702046915544}
  m_PrefabAsset: {fileID: 0}
--- !u!1001 &1676887702139464775
PrefabInstance:
  m_ObjectHideFlags: 0
  serializedVersion: 2
  m_Modification:
    m_TransformParent: {fileID: 1676887703479951655}
    m_Modifications:
    - target: {fileID: 7344740371761733890, guid: ccd94658f03fd1c46ba988b25edffa94,
        type: 3}
      propertyPath: m_LocalPosition.x
      value: -1.4049158
      objectReference: {fileID: 0}
    - target: {fileID: 7344740371761733890, guid: ccd94658f03fd1c46ba988b25edffa94,
        type: 3}
      propertyPath: m_LocalPosition.y
      value: 15
      objectReference: {fileID: 0}
    - target: {fileID: 7344740371761733890, guid: ccd94658f03fd1c46ba988b25edffa94,
        type: 3}
      propertyPath: m_LocalPosition.z
      value: 15.42822
      objectReference: {fileID: 0}
    - target: {fileID: 7344740371761733890, guid: ccd94658f03fd1c46ba988b25edffa94,
        type: 3}
      propertyPath: m_LocalRotation.x
      value: -0
      objectReference: {fileID: 0}
    - target: {fileID: 7344740371761733890, guid: ccd94658f03fd1c46ba988b25edffa94,
        type: 3}
      propertyPath: m_LocalRotation.y
      value: -0
      objectReference: {fileID: 0}
    - target: {fileID: 7344740371761733890, guid: ccd94658f03fd1c46ba988b25edffa94,
        type: 3}
      propertyPath: m_LocalRotation.z
      value: -0
      objectReference: {fileID: 0}
    - target: {fileID: 7344740371761733890, guid: ccd94658f03fd1c46ba988b25edffa94,
        type: 3}
      propertyPath: m_LocalRotation.w
      value: 1
      objectReference: {fileID: 0}
    - target: {fileID: 7344740371761733890, guid: ccd94658f03fd1c46ba988b25edffa94,
        type: 3}
      propertyPath: m_RootOrder
      value: 20
      objectReference: {fileID: 0}
    - target: {fileID: 7344740371761733890, guid: ccd94658f03fd1c46ba988b25edffa94,
        type: 3}
      propertyPath: m_LocalEulerAnglesHint.x
      value: 0
      objectReference: {fileID: 0}
    - target: {fileID: 7344740371761733890, guid: ccd94658f03fd1c46ba988b25edffa94,
        type: 3}
      propertyPath: m_LocalEulerAnglesHint.y
      value: 0
      objectReference: {fileID: 0}
    - target: {fileID: 7344740371761733890, guid: ccd94658f03fd1c46ba988b25edffa94,
        type: 3}
      propertyPath: m_LocalEulerAnglesHint.z
      value: 0
      objectReference: {fileID: 0}
    - target: {fileID: 7348436939774055740, guid: ccd94658f03fd1c46ba988b25edffa94,
        type: 3}
      propertyPath: m_Name
      value: SM_Plant_Fern_Leaves_02
      objectReference: {fileID: 0}
    m_RemovedComponents: []
  m_SourcePrefab: {fileID: 100100000, guid: ccd94658f03fd1c46ba988b25edffa94, type: 3}
--- !u!4 &8261926149616717125 stripped
Transform:
  m_CorrespondingSourceObject: {fileID: 7344740371761733890, guid: ccd94658f03fd1c46ba988b25edffa94,
    type: 3}
  m_PrefabInstance: {fileID: 1676887702139464775}
  m_PrefabAsset: {fileID: 0}
--- !u!1001 &1676887702190652770
PrefabInstance:
  m_ObjectHideFlags: 0
  serializedVersion: 2
  m_Modification:
    m_TransformParent: {fileID: 1676887703479951655}
    m_Modifications:
    - target: {fileID: 7166059775579669016, guid: 2d7d538312c45bd4d97b43c74186ea70,
        type: 3}
      propertyPath: m_Name
      value: SM_Plant_Flowers_01
      objectReference: {fileID: 0}
    - target: {fileID: 7167654953442984580, guid: 2d7d538312c45bd4d97b43c74186ea70,
        type: 3}
      propertyPath: m_LocalPosition.x
      value: -1.1496158
      objectReference: {fileID: 0}
    - target: {fileID: 7167654953442984580, guid: 2d7d538312c45bd4d97b43c74186ea70,
        type: 3}
      propertyPath: m_LocalPosition.y
      value: 15.082543
      objectReference: {fileID: 0}
    - target: {fileID: 7167654953442984580, guid: 2d7d538312c45bd4d97b43c74186ea70,
        type: 3}
      propertyPath: m_LocalPosition.z
      value: 14.897503
      objectReference: {fileID: 0}
    - target: {fileID: 7167654953442984580, guid: 2d7d538312c45bd4d97b43c74186ea70,
        type: 3}
      propertyPath: m_LocalRotation.x
      value: -0
      objectReference: {fileID: 0}
    - target: {fileID: 7167654953442984580, guid: 2d7d538312c45bd4d97b43c74186ea70,
        type: 3}
      propertyPath: m_LocalRotation.y
      value: -0
      objectReference: {fileID: 0}
    - target: {fileID: 7167654953442984580, guid: 2d7d538312c45bd4d97b43c74186ea70,
        type: 3}
      propertyPath: m_LocalRotation.z
      value: -0
      objectReference: {fileID: 0}
    - target: {fileID: 7167654953442984580, guid: 2d7d538312c45bd4d97b43c74186ea70,
        type: 3}
      propertyPath: m_LocalRotation.w
      value: 1
      objectReference: {fileID: 0}
    - target: {fileID: 7167654953442984580, guid: 2d7d538312c45bd4d97b43c74186ea70,
        type: 3}
      propertyPath: m_RootOrder
      value: 15
      objectReference: {fileID: 0}
    - target: {fileID: 7167654953442984580, guid: 2d7d538312c45bd4d97b43c74186ea70,
        type: 3}
      propertyPath: m_LocalEulerAnglesHint.x
      value: 0
      objectReference: {fileID: 0}
    - target: {fileID: 7167654953442984580, guid: 2d7d538312c45bd4d97b43c74186ea70,
        type: 3}
      propertyPath: m_LocalEulerAnglesHint.y
      value: 0
      objectReference: {fileID: 0}
    - target: {fileID: 7167654953442984580, guid: 2d7d538312c45bd4d97b43c74186ea70,
        type: 3}
      propertyPath: m_LocalEulerAnglesHint.z
      value: 0
      objectReference: {fileID: 0}
    m_RemovedComponents: []
  m_SourcePrefab: {fileID: 100100000, guid: 2d7d538312c45bd4d97b43c74186ea70, type: 3}
--- !u!4 &8375886406823886822 stripped
Transform:
  m_CorrespondingSourceObject: {fileID: 7167654953442984580, guid: 2d7d538312c45bd4d97b43c74186ea70,
    type: 3}
  m_PrefabInstance: {fileID: 1676887702190652770}
  m_PrefabAsset: {fileID: 0}
--- !u!1001 &1676887702236595562
PrefabInstance:
  m_ObjectHideFlags: 0
  serializedVersion: 2
  m_Modification:
    m_TransformParent: {fileID: 1676887703479951655}
    m_Modifications:
    - target: {fileID: 4092245767632383035, guid: e9fffbe518c870a448f43892b1a91e7f,
        type: 3}
      propertyPath: m_Name
      value: SM_Plant_Grass_05 (1)
      objectReference: {fileID: 0}
    - target: {fileID: 4097992623764356471, guid: e9fffbe518c870a448f43892b1a91e7f,
        type: 3}
      propertyPath: m_LocalPosition.x
      value: -6.929927
      objectReference: {fileID: 0}
    - target: {fileID: 4097992623764356471, guid: e9fffbe518c870a448f43892b1a91e7f,
        type: 3}
      propertyPath: m_LocalPosition.y
      value: 15.118
      objectReference: {fileID: 0}
    - target: {fileID: 4097992623764356471, guid: e9fffbe518c870a448f43892b1a91e7f,
        type: 3}
      propertyPath: m_LocalPosition.z
      value: 15.558007
      objectReference: {fileID: 0}
    - target: {fileID: 4097992623764356471, guid: e9fffbe518c870a448f43892b1a91e7f,
        type: 3}
      propertyPath: m_LocalRotation.x
      value: -0
      objectReference: {fileID: 0}
    - target: {fileID: 4097992623764356471, guid: e9fffbe518c870a448f43892b1a91e7f,
        type: 3}
      propertyPath: m_LocalRotation.y
      value: -0
      objectReference: {fileID: 0}
    - target: {fileID: 4097992623764356471, guid: e9fffbe518c870a448f43892b1a91e7f,
        type: 3}
      propertyPath: m_LocalRotation.z
      value: -0
      objectReference: {fileID: 0}
    - target: {fileID: 4097992623764356471, guid: e9fffbe518c870a448f43892b1a91e7f,
        type: 3}
      propertyPath: m_LocalRotation.w
      value: 1
      objectReference: {fileID: 0}
    - target: {fileID: 4097992623764356471, guid: e9fffbe518c870a448f43892b1a91e7f,
        type: 3}
      propertyPath: m_RootOrder
      value: 12
      objectReference: {fileID: 0}
    - target: {fileID: 4097992623764356471, guid: e9fffbe518c870a448f43892b1a91e7f,
        type: 3}
      propertyPath: m_LocalEulerAnglesHint.x
      value: 0
      objectReference: {fileID: 0}
    - target: {fileID: 4097992623764356471, guid: e9fffbe518c870a448f43892b1a91e7f,
        type: 3}
      propertyPath: m_LocalEulerAnglesHint.y
      value: 0
      objectReference: {fileID: 0}
    - target: {fileID: 4097992623764356471, guid: e9fffbe518c870a448f43892b1a91e7f,
        type: 3}
      propertyPath: m_LocalEulerAnglesHint.z
      value: 0
      objectReference: {fileID: 0}
    m_RemovedComponents: []
  m_SourcePrefab: {fileID: 100100000, guid: e9fffbe518c870a448f43892b1a91e7f, type: 3}
--- !u!4 &3430475107404724253 stripped
Transform:
  m_CorrespondingSourceObject: {fileID: 4097992623764356471, guid: e9fffbe518c870a448f43892b1a91e7f,
    type: 3}
  m_PrefabInstance: {fileID: 1676887702236595562}
  m_PrefabAsset: {fileID: 0}
--- !u!1001 &1676887702310869227
PrefabInstance:
  m_ObjectHideFlags: 0
  serializedVersion: 2
  m_Modification:
    m_TransformParent: {fileID: 1676887703479951655}
    m_Modifications:
    - target: {fileID: 1801910354565224393, guid: e386604538fc0874c9483295cf04cfd1,
        type: 3}
      propertyPath: m_LocalPosition.x
      value: -2.006299
      objectReference: {fileID: 0}
    - target: {fileID: 1801910354565224393, guid: e386604538fc0874c9483295cf04cfd1,
        type: 3}
      propertyPath: m_LocalPosition.y
      value: 15.082
      objectReference: {fileID: 0}
    - target: {fileID: 1801910354565224393, guid: e386604538fc0874c9483295cf04cfd1,
        type: 3}
      propertyPath: m_LocalPosition.z
      value: 9.059134
      objectReference: {fileID: 0}
    - target: {fileID: 1801910354565224393, guid: e386604538fc0874c9483295cf04cfd1,
        type: 3}
      propertyPath: m_LocalRotation.x
      value: -0
      objectReference: {fileID: 0}
    - target: {fileID: 1801910354565224393, guid: e386604538fc0874c9483295cf04cfd1,
        type: 3}
      propertyPath: m_LocalRotation.y
      value: -0
      objectReference: {fileID: 0}
    - target: {fileID: 1801910354565224393, guid: e386604538fc0874c9483295cf04cfd1,
        type: 3}
      propertyPath: m_LocalRotation.z
      value: -0
      objectReference: {fileID: 0}
    - target: {fileID: 1801910354565224393, guid: e386604538fc0874c9483295cf04cfd1,
        type: 3}
      propertyPath: m_LocalRotation.w
      value: 1
      objectReference: {fileID: 0}
    - target: {fileID: 1801910354565224393, guid: e386604538fc0874c9483295cf04cfd1,
        type: 3}
      propertyPath: m_RootOrder
      value: 18
      objectReference: {fileID: 0}
    - target: {fileID: 1801910354565224393, guid: e386604538fc0874c9483295cf04cfd1,
        type: 3}
      propertyPath: m_LocalEulerAnglesHint.x
      value: 0
      objectReference: {fileID: 0}
    - target: {fileID: 1801910354565224393, guid: e386604538fc0874c9483295cf04cfd1,
        type: 3}
      propertyPath: m_LocalEulerAnglesHint.y
      value: 0
      objectReference: {fileID: 0}
    - target: {fileID: 1801910354565224393, guid: e386604538fc0874c9483295cf04cfd1,
        type: 3}
      propertyPath: m_LocalEulerAnglesHint.z
      value: 0
      objectReference: {fileID: 0}
    - target: {fileID: 1807661157570606899, guid: e386604538fc0874c9483295cf04cfd1,
        type: 3}
      propertyPath: m_Name
      value: SM_Plant_Fern_Leaves_01
      objectReference: {fileID: 0}
    m_RemovedComponents: []
  m_SourcePrefab: {fileID: 100100000, guid: e386604538fc0874c9483295cf04cfd1, type: 3}
--- !u!4 &1027994515518033698 stripped
Transform:
  m_CorrespondingSourceObject: {fileID: 1801910354565224393, guid: e386604538fc0874c9483295cf04cfd1,
    type: 3}
  m_PrefabInstance: {fileID: 1676887702310869227}
  m_PrefabAsset: {fileID: 0}
--- !u!1001 &1676887702322221403
PrefabInstance:
  m_ObjectHideFlags: 0
  serializedVersion: 2
  m_Modification:
    m_TransformParent: {fileID: 1676887703479951655}
    m_Modifications:
    - target: {fileID: 4596319670438816790, guid: f80031f6426fe5d4697967c25ad778ac,
        type: 3}
      propertyPath: m_Name
      value: SM_Plant_Mushrooms_03
      objectReference: {fileID: 0}
    - target: {fileID: 4601664494001173314, guid: f80031f6426fe5d4697967c25ad778ac,
        type: 3}
      propertyPath: m_LocalPosition.x
      value: -1.4788237
      objectReference: {fileID: 0}
    - target: {fileID: 4601664494001173314, guid: f80031f6426fe5d4697967c25ad778ac,
        type: 3}
      propertyPath: m_LocalPosition.y
      value: 15.11
      objectReference: {fileID: 0}
    - target: {fileID: 4601664494001173314, guid: f80031f6426fe5d4697967c25ad778ac,
        type: 3}
      propertyPath: m_LocalPosition.z
      value: 16.300428
      objectReference: {fileID: 0}
    - target: {fileID: 4601664494001173314, guid: f80031f6426fe5d4697967c25ad778ac,
        type: 3}
      propertyPath: m_LocalRotation.x
      value: -0
      objectReference: {fileID: 0}
    - target: {fileID: 4601664494001173314, guid: f80031f6426fe5d4697967c25ad778ac,
        type: 3}
      propertyPath: m_LocalRotation.y
      value: -0
      objectReference: {fileID: 0}
    - target: {fileID: 4601664494001173314, guid: f80031f6426fe5d4697967c25ad778ac,
        type: 3}
      propertyPath: m_LocalRotation.z
      value: -0
      objectReference: {fileID: 0}
    - target: {fileID: 4601664494001173314, guid: f80031f6426fe5d4697967c25ad778ac,
        type: 3}
      propertyPath: m_LocalRotation.w
      value: 1
      objectReference: {fileID: 0}
    - target: {fileID: 4601664494001173314, guid: f80031f6426fe5d4697967c25ad778ac,
        type: 3}
      propertyPath: m_RootOrder
      value: 3
      objectReference: {fileID: 0}
    - target: {fileID: 4601664494001173314, guid: f80031f6426fe5d4697967c25ad778ac,
        type: 3}
      propertyPath: m_LocalEulerAnglesHint.x
      value: 0
      objectReference: {fileID: 0}
    - target: {fileID: 4601664494001173314, guid: f80031f6426fe5d4697967c25ad778ac,
        type: 3}
      propertyPath: m_LocalEulerAnglesHint.y
      value: 0
      objectReference: {fileID: 0}
    - target: {fileID: 4601664494001173314, guid: f80031f6426fe5d4697967c25ad778ac,
        type: 3}
      propertyPath: m_LocalEulerAnglesHint.z
      value: 0
      objectReference: {fileID: 0}
    m_RemovedComponents: []
  m_SourcePrefab: {fileID: 100100000, guid: f80031f6426fe5d4697967c25ad778ac, type: 3}
--- !u!4 &2925621225769443865 stripped
Transform:
  m_CorrespondingSourceObject: {fileID: 4601664494001173314, guid: f80031f6426fe5d4697967c25ad778ac,
    type: 3}
  m_PrefabInstance: {fileID: 1676887702322221403}
  m_PrefabAsset: {fileID: 0}
--- !u!1001 &1676887702334046318
PrefabInstance:
  m_ObjectHideFlags: 0
  serializedVersion: 2
  m_Modification:
    m_TransformParent: {fileID: 1676887703479951655}
    m_Modifications:
    - target: {fileID: -4895826970028709830, guid: 1990daa4e2cb08a41bc59f6c7c765444,
        type: 3}
      propertyPath: m_Materials.Array.data[0]
      value: 
      objectReference: {fileID: 2100000, guid: 8e24b3f437525954fbe6738237f52256, type: 2}
    - target: {fileID: -4216859302048453862, guid: 1990daa4e2cb08a41bc59f6c7c765444,
        type: 3}
      propertyPath: m_LocalPosition.x
      value: -2.45
      objectReference: {fileID: 0}
    - target: {fileID: -4216859302048453862, guid: 1990daa4e2cb08a41bc59f6c7c765444,
        type: 3}
      propertyPath: m_LocalPosition.y
      value: 19.37066
      objectReference: {fileID: 0}
    - target: {fileID: -4216859302048453862, guid: 1990daa4e2cb08a41bc59f6c7c765444,
        type: 3}
      propertyPath: m_LocalPosition.z
      value: 13.51
      objectReference: {fileID: 0}
    - target: {fileID: -4216859302048453862, guid: 1990daa4e2cb08a41bc59f6c7c765444,
        type: 3}
      propertyPath: m_LocalRotation.x
      value: -0
      objectReference: {fileID: 0}
    - target: {fileID: -4216859302048453862, guid: 1990daa4e2cb08a41bc59f6c7c765444,
        type: 3}
      propertyPath: m_LocalRotation.y
      value: -0
      objectReference: {fileID: 0}
    - target: {fileID: -4216859302048453862, guid: 1990daa4e2cb08a41bc59f6c7c765444,
        type: 3}
      propertyPath: m_LocalRotation.z
      value: -0
      objectReference: {fileID: 0}
    - target: {fileID: -4216859302048453862, guid: 1990daa4e2cb08a41bc59f6c7c765444,
        type: 3}
      propertyPath: m_LocalRotation.w
      value: 1
      objectReference: {fileID: 0}
    - target: {fileID: -4216859302048453862, guid: 1990daa4e2cb08a41bc59f6c7c765444,
        type: 3}
      propertyPath: m_RootOrder
      value: 22
      objectReference: {fileID: 0}
    - target: {fileID: -4216859302048453862, guid: 1990daa4e2cb08a41bc59f6c7c765444,
        type: 3}
      propertyPath: m_LocalEulerAnglesHint.x
      value: 0
      objectReference: {fileID: 0}
    - target: {fileID: -4216859302048453862, guid: 1990daa4e2cb08a41bc59f6c7c765444,
        type: 3}
      propertyPath: m_LocalEulerAnglesHint.y
      value: 0
      objectReference: {fileID: 0}
    - target: {fileID: -4216859302048453862, guid: 1990daa4e2cb08a41bc59f6c7c765444,
        type: 3}
      propertyPath: m_LocalEulerAnglesHint.z
      value: 0
      objectReference: {fileID: 0}
    - target: {fileID: -927199367670048503, guid: 1990daa4e2cb08a41bc59f6c7c765444,
        type: 3}
      propertyPath: m_Name
      value: ws_inter_checkpoint (1)
      objectReference: {fileID: 0}
    - target: {fileID: 4306643363182771200, guid: 1990daa4e2cb08a41bc59f6c7c765444,
        type: 3}
      propertyPath: m_Materials.Array.data[0]
      value: 
      objectReference: {fileID: 2100000, guid: e23a62150eb20da44b3b5469446430b8, type: 2}
    m_RemovedComponents: []
  m_SourcePrefab: {fileID: 100100000, guid: 1990daa4e2cb08a41bc59f6c7c765444, type: 3}
--- !u!1 &7234027218527639911 stripped
GameObject:
  m_CorrespondingSourceObject: {fileID: -927199367670048503, guid: 1990daa4e2cb08a41bc59f6c7c765444,
    type: 3}
  m_PrefabInstance: {fileID: 1676887702334046318}
  m_PrefabAsset: {fileID: 0}
--- !u!4 &5926513589057629044 stripped
Transform:
  m_CorrespondingSourceObject: {fileID: -4216859302048453862, guid: 1990daa4e2cb08a41bc59f6c7c765444,
    type: 3}
  m_PrefabInstance: {fileID: 1676887702334046318}
  m_PrefabAsset: {fileID: 0}
--- !u!1001 &1676887702401025355
PrefabInstance:
  m_ObjectHideFlags: 0
  serializedVersion: 2
  m_Modification:
    m_TransformParent: {fileID: 1676887703479951655}
    m_Modifications:
    - target: {fileID: 7344740371761733890, guid: ccd94658f03fd1c46ba988b25edffa94,
        type: 3}
      propertyPath: m_LocalPosition.x
      value: -4.2382894
      objectReference: {fileID: 0}
    - target: {fileID: 7344740371761733890, guid: ccd94658f03fd1c46ba988b25edffa94,
        type: 3}
      propertyPath: m_LocalPosition.y
      value: 15
      objectReference: {fileID: 0}
    - target: {fileID: 7344740371761733890, guid: ccd94658f03fd1c46ba988b25edffa94,
        type: 3}
      propertyPath: m_LocalPosition.z
      value: 12.950388
      objectReference: {fileID: 0}
    - target: {fileID: 7344740371761733890, guid: ccd94658f03fd1c46ba988b25edffa94,
        type: 3}
      propertyPath: m_LocalRotation.x
      value: -0
      objectReference: {fileID: 0}
    - target: {fileID: 7344740371761733890, guid: ccd94658f03fd1c46ba988b25edffa94,
        type: 3}
      propertyPath: m_LocalRotation.y
      value: -0
      objectReference: {fileID: 0}
    - target: {fileID: 7344740371761733890, guid: ccd94658f03fd1c46ba988b25edffa94,
        type: 3}
      propertyPath: m_LocalRotation.z
      value: -0
      objectReference: {fileID: 0}
    - target: {fileID: 7344740371761733890, guid: ccd94658f03fd1c46ba988b25edffa94,
        type: 3}
      propertyPath: m_LocalRotation.w
      value: 1
      objectReference: {fileID: 0}
    - target: {fileID: 7344740371761733890, guid: ccd94658f03fd1c46ba988b25edffa94,
        type: 3}
      propertyPath: m_RootOrder
      value: 19
      objectReference: {fileID: 0}
    - target: {fileID: 7344740371761733890, guid: ccd94658f03fd1c46ba988b25edffa94,
        type: 3}
      propertyPath: m_LocalEulerAnglesHint.x
      value: 0
      objectReference: {fileID: 0}
    - target: {fileID: 7344740371761733890, guid: ccd94658f03fd1c46ba988b25edffa94,
        type: 3}
      propertyPath: m_LocalEulerAnglesHint.y
      value: 0
      objectReference: {fileID: 0}
    - target: {fileID: 7344740371761733890, guid: ccd94658f03fd1c46ba988b25edffa94,
        type: 3}
      propertyPath: m_LocalEulerAnglesHint.z
      value: 0
      objectReference: {fileID: 0}
    - target: {fileID: 7348436939774055740, guid: ccd94658f03fd1c46ba988b25edffa94,
        type: 3}
      propertyPath: m_Name
      value: SM_Plant_Fern_Leaves_02 (1)
      objectReference: {fileID: 0}
    m_RemovedComponents: []
  m_SourcePrefab: {fileID: 100100000, guid: ccd94658f03fd1c46ba988b25edffa94, type: 3}
--- !u!4 &8261926149400142921 stripped
Transform:
  m_CorrespondingSourceObject: {fileID: 7344740371761733890, guid: ccd94658f03fd1c46ba988b25edffa94,
    type: 3}
  m_PrefabInstance: {fileID: 1676887702401025355}
  m_PrefabAsset: {fileID: 0}
--- !u!1001 &1676887702624250240
PrefabInstance:
  m_ObjectHideFlags: 0
  serializedVersion: 2
  m_Modification:
    m_TransformParent: {fileID: 1676887703479951655}
    m_Modifications:
    - target: {fileID: 1161882472327406, guid: e62fe7588430d264ab316d646f76d61d, type: 3}
      propertyPath: m_Name
      value: Glowing_Dust_01 (4)
      objectReference: {fileID: 0}
    - target: {fileID: 4551856270140296, guid: e62fe7588430d264ab316d646f76d61d, type: 3}
      propertyPath: m_LocalPosition.x
      value: 1.720001
      objectReference: {fileID: 0}
    - target: {fileID: 4551856270140296, guid: e62fe7588430d264ab316d646f76d61d, type: 3}
      propertyPath: m_LocalPosition.y
      value: 15
      objectReference: {fileID: 0}
    - target: {fileID: 4551856270140296, guid: e62fe7588430d264ab316d646f76d61d, type: 3}
      propertyPath: m_LocalPosition.z
      value: 16.61
      objectReference: {fileID: 0}
    - target: {fileID: 4551856270140296, guid: e62fe7588430d264ab316d646f76d61d, type: 3}
      propertyPath: m_LocalRotation.x
      value: -0
      objectReference: {fileID: 0}
    - target: {fileID: 4551856270140296, guid: e62fe7588430d264ab316d646f76d61d, type: 3}
      propertyPath: m_LocalRotation.y
      value: -0
      objectReference: {fileID: 0}
    - target: {fileID: 4551856270140296, guid: e62fe7588430d264ab316d646f76d61d, type: 3}
      propertyPath: m_LocalRotation.z
      value: -0
      objectReference: {fileID: 0}
    - target: {fileID: 4551856270140296, guid: e62fe7588430d264ab316d646f76d61d, type: 3}
      propertyPath: m_LocalRotation.w
      value: 1
      objectReference: {fileID: 0}
    - target: {fileID: 4551856270140296, guid: e62fe7588430d264ab316d646f76d61d, type: 3}
      propertyPath: m_RootOrder
      value: 10
      objectReference: {fileID: 0}
    - target: {fileID: 4551856270140296, guid: e62fe7588430d264ab316d646f76d61d, type: 3}
      propertyPath: m_LocalEulerAnglesHint.x
      value: 0
      objectReference: {fileID: 0}
    - target: {fileID: 4551856270140296, guid: e62fe7588430d264ab316d646f76d61d, type: 3}
      propertyPath: m_LocalEulerAnglesHint.y
      value: 0
      objectReference: {fileID: 0}
    - target: {fileID: 4551856270140296, guid: e62fe7588430d264ab316d646f76d61d, type: 3}
      propertyPath: m_LocalEulerAnglesHint.z
      value: 0
      objectReference: {fileID: 0}
    m_RemovedComponents: []
  m_SourcePrefab: {fileID: 100100000, guid: e62fe7588430d264ab316d646f76d61d, type: 3}
--- !u!4 &1681438707417041416 stripped
Transform:
  m_CorrespondingSourceObject: {fileID: 4551856270140296, guid: e62fe7588430d264ab316d646f76d61d,
    type: 3}
  m_PrefabInstance: {fileID: 1676887702624250240}
  m_PrefabAsset: {fileID: 0}
--- !u!1001 &1676887702626707611
PrefabInstance:
  m_ObjectHideFlags: 0
  serializedVersion: 2
  m_Modification:
    m_TransformParent: {fileID: 1676887703479951655}
    m_Modifications:
    - target: {fileID: 5630682564187845410, guid: 804a3e1543690624e9bc488fdf3f3898,
        type: 3}
      propertyPath: m_Name
      value: SM_Plant_PurpleFlower_01
      objectReference: {fileID: 0}
    - target: {fileID: 5633117478182644458, guid: 804a3e1543690624e9bc488fdf3f3898,
        type: 3}
      propertyPath: m_LocalPosition.x
      value: -3.8011212
      objectReference: {fileID: 0}
    - target: {fileID: 5633117478182644458, guid: 804a3e1543690624e9bc488fdf3f3898,
        type: 3}
      propertyPath: m_LocalPosition.y
      value: 15.012094
      objectReference: {fileID: 0}
    - target: {fileID: 5633117478182644458, guid: 804a3e1543690624e9bc488fdf3f3898,
        type: 3}
      propertyPath: m_LocalPosition.z
      value: 20.422552
      objectReference: {fileID: 0}
    - target: {fileID: 5633117478182644458, guid: 804a3e1543690624e9bc488fdf3f3898,
        type: 3}
      propertyPath: m_LocalRotation.x
      value: -0
      objectReference: {fileID: 0}
    - target: {fileID: 5633117478182644458, guid: 804a3e1543690624e9bc488fdf3f3898,
        type: 3}
      propertyPath: m_LocalRotation.y
      value: -0
      objectReference: {fileID: 0}
    - target: {fileID: 5633117478182644458, guid: 804a3e1543690624e9bc488fdf3f3898,
        type: 3}
      propertyPath: m_LocalRotation.z
      value: -0
      objectReference: {fileID: 0}
    - target: {fileID: 5633117478182644458, guid: 804a3e1543690624e9bc488fdf3f3898,
        type: 3}
      propertyPath: m_LocalRotation.w
      value: 1
      objectReference: {fileID: 0}
    - target: {fileID: 5633117478182644458, guid: 804a3e1543690624e9bc488fdf3f3898,
        type: 3}
      propertyPath: m_RootOrder
      value: 5
      objectReference: {fileID: 0}
    - target: {fileID: 5633117478182644458, guid: 804a3e1543690624e9bc488fdf3f3898,
        type: 3}
      propertyPath: m_LocalEulerAnglesHint.x
      value: 0
      objectReference: {fileID: 0}
    - target: {fileID: 5633117478182644458, guid: 804a3e1543690624e9bc488fdf3f3898,
        type: 3}
      propertyPath: m_LocalEulerAnglesHint.y
      value: 0
      objectReference: {fileID: 0}
    - target: {fileID: 5633117478182644458, guid: 804a3e1543690624e9bc488fdf3f3898,
        type: 3}
      propertyPath: m_LocalEulerAnglesHint.z
      value: 0
      objectReference: {fileID: 0}
    m_RemovedComponents: []
  m_SourcePrefab: {fileID: 100100000, guid: 804a3e1543690624e9bc488fdf3f3898, type: 3}
--- !u!4 &6442780776455455345 stripped
Transform:
  m_CorrespondingSourceObject: {fileID: 5633117478182644458, guid: 804a3e1543690624e9bc488fdf3f3898,
    type: 3}
  m_PrefabInstance: {fileID: 1676887702626707611}
  m_PrefabAsset: {fileID: 0}
--- !u!1001 &1676887702732425054
PrefabInstance:
  m_ObjectHideFlags: 0
  serializedVersion: 2
  m_Modification:
    m_TransformParent: {fileID: 1676887703479951655}
    m_Modifications:
    - target: {fileID: 3234077778725894025, guid: 917febc7b2756a84ab4a83c6c792cf3b,
        type: 3}
      propertyPath: m_LocalPosition.x
      value: -7.566699
      objectReference: {fileID: 0}
    - target: {fileID: 3234077778725894025, guid: 917febc7b2756a84ab4a83c6c792cf3b,
        type: 3}
      propertyPath: m_LocalPosition.y
      value: 15.254
      objectReference: {fileID: 0}
    - target: {fileID: 3234077778725894025, guid: 917febc7b2756a84ab4a83c6c792cf3b,
        type: 3}
      propertyPath: m_LocalPosition.z
      value: 12.235936
      objectReference: {fileID: 0}
    - target: {fileID: 3234077778725894025, guid: 917febc7b2756a84ab4a83c6c792cf3b,
        type: 3}
      propertyPath: m_LocalRotation.x
      value: -0
      objectReference: {fileID: 0}
    - target: {fileID: 3234077778725894025, guid: 917febc7b2756a84ab4a83c6c792cf3b,
        type: 3}
      propertyPath: m_LocalRotation.y
      value: -0
      objectReference: {fileID: 0}
    - target: {fileID: 3234077778725894025, guid: 917febc7b2756a84ab4a83c6c792cf3b,
        type: 3}
      propertyPath: m_LocalRotation.z
      value: -0
      objectReference: {fileID: 0}
    - target: {fileID: 3234077778725894025, guid: 917febc7b2756a84ab4a83c6c792cf3b,
        type: 3}
      propertyPath: m_LocalRotation.w
      value: 1
      objectReference: {fileID: 0}
    - target: {fileID: 3234077778725894025, guid: 917febc7b2756a84ab4a83c6c792cf3b,
        type: 3}
      propertyPath: m_RootOrder
      value: 1
      objectReference: {fileID: 0}
    - target: {fileID: 3234077778725894025, guid: 917febc7b2756a84ab4a83c6c792cf3b,
        type: 3}
      propertyPath: m_LocalEulerAnglesHint.x
      value: 0
      objectReference: {fileID: 0}
    - target: {fileID: 3234077778725894025, guid: 917febc7b2756a84ab4a83c6c792cf3b,
        type: 3}
      propertyPath: m_LocalEulerAnglesHint.y
      value: 0
      objectReference: {fileID: 0}
    - target: {fileID: 3234077778725894025, guid: 917febc7b2756a84ab4a83c6c792cf3b,
        type: 3}
      propertyPath: m_LocalEulerAnglesHint.z
      value: 0
      objectReference: {fileID: 0}
    - target: {fileID: 3239491077929993897, guid: 917febc7b2756a84ab4a83c6c792cf3b,
        type: 3}
      propertyPath: m_Name
      value: SM_Plant_Mushrooms_05
      objectReference: {fileID: 0}
    m_RemovedComponents: []
  m_SourcePrefab: {fileID: 100100000, guid: 917febc7b2756a84ab4a83c6c792cf3b, type: 3}
--- !u!4 &4297631283580154071 stripped
Transform:
  m_CorrespondingSourceObject: {fileID: 3234077778725894025, guid: 917febc7b2756a84ab4a83c6c792cf3b,
    type: 3}
  m_PrefabInstance: {fileID: 1676887702732425054}
  m_PrefabAsset: {fileID: 0}
--- !u!1001 &1676887702798849895
PrefabInstance:
  m_ObjectHideFlags: 0
  serializedVersion: 2
  m_Modification:
    m_TransformParent: {fileID: 1676887703479951655}
    m_Modifications:
    - target: {fileID: 7166059775579669016, guid: 2d7d538312c45bd4d97b43c74186ea70,
        type: 3}
      propertyPath: m_Name
      value: SM_Plant_Flowers_01
      objectReference: {fileID: 0}
    - target: {fileID: 7167654953442984580, guid: 2d7d538312c45bd4d97b43c74186ea70,
        type: 3}
      propertyPath: m_LocalPosition.x
      value: 0.952804
      objectReference: {fileID: 0}
    - target: {fileID: 7167654953442984580, guid: 2d7d538312c45bd4d97b43c74186ea70,
        type: 3}
      propertyPath: m_LocalPosition.y
      value: 15.082545
      objectReference: {fileID: 0}
    - target: {fileID: 7167654953442984580, guid: 2d7d538312c45bd4d97b43c74186ea70,
        type: 3}
      propertyPath: m_LocalPosition.z
      value: 9.845603
      objectReference: {fileID: 0}
    - target: {fileID: 7167654953442984580, guid: 2d7d538312c45bd4d97b43c74186ea70,
        type: 3}
      propertyPath: m_LocalRotation.x
      value: -0
      objectReference: {fileID: 0}
    - target: {fileID: 7167654953442984580, guid: 2d7d538312c45bd4d97b43c74186ea70,
        type: 3}
      propertyPath: m_LocalRotation.y
      value: -0
      objectReference: {fileID: 0}
    - target: {fileID: 7167654953442984580, guid: 2d7d538312c45bd4d97b43c74186ea70,
        type: 3}
      propertyPath: m_LocalRotation.z
      value: -0
      objectReference: {fileID: 0}
    - target: {fileID: 7167654953442984580, guid: 2d7d538312c45bd4d97b43c74186ea70,
        type: 3}
      propertyPath: m_LocalRotation.w
      value: 1
      objectReference: {fileID: 0}
    - target: {fileID: 7167654953442984580, guid: 2d7d538312c45bd4d97b43c74186ea70,
        type: 3}
      propertyPath: m_RootOrder
      value: 6
      objectReference: {fileID: 0}
    - target: {fileID: 7167654953442984580, guid: 2d7d538312c45bd4d97b43c74186ea70,
        type: 3}
      propertyPath: m_LocalEulerAnglesHint.x
      value: 0
      objectReference: {fileID: 0}
    - target: {fileID: 7167654953442984580, guid: 2d7d538312c45bd4d97b43c74186ea70,
        type: 3}
      propertyPath: m_LocalEulerAnglesHint.y
      value: 0
      objectReference: {fileID: 0}
    - target: {fileID: 7167654953442984580, guid: 2d7d538312c45bd4d97b43c74186ea70,
        type: 3}
      propertyPath: m_LocalEulerAnglesHint.z
      value: 0
      objectReference: {fileID: 0}
    m_RemovedComponents: []
  m_SourcePrefab: {fileID: 100100000, guid: 2d7d538312c45bd4d97b43c74186ea70, type: 3}
--- !u!4 &8375886407281022435 stripped
Transform:
  m_CorrespondingSourceObject: {fileID: 7167654953442984580, guid: 2d7d538312c45bd4d97b43c74186ea70,
    type: 3}
  m_PrefabInstance: {fileID: 1676887702798849895}
  m_PrefabAsset: {fileID: 0}
--- !u!1001 &1676887702818565006
PrefabInstance:
  m_ObjectHideFlags: 0
  serializedVersion: 2
  m_Modification:
    m_TransformParent: {fileID: 1676887703479951655}
    m_Modifications:
    - target: {fileID: 1161882472327406, guid: e62fe7588430d264ab316d646f76d61d, type: 3}
      propertyPath: m_Name
      value: Glowing_Dust_01 (6)
      objectReference: {fileID: 0}
    - target: {fileID: 4551856270140296, guid: e62fe7588430d264ab316d646f76d61d, type: 3}
      propertyPath: m_LocalPosition.x
      value: -6.5599995
      objectReference: {fileID: 0}
    - target: {fileID: 4551856270140296, guid: e62fe7588430d264ab316d646f76d61d, type: 3}
      propertyPath: m_LocalPosition.y
      value: 15
      objectReference: {fileID: 0}
    - target: {fileID: 4551856270140296, guid: e62fe7588430d264ab316d646f76d61d, type: 3}
      propertyPath: m_LocalPosition.z
      value: 16.5
      objectReference: {fileID: 0}
    - target: {fileID: 4551856270140296, guid: e62fe7588430d264ab316d646f76d61d, type: 3}
      propertyPath: m_LocalRotation.x
      value: -0
      objectReference: {fileID: 0}
    - target: {fileID: 4551856270140296, guid: e62fe7588430d264ab316d646f76d61d, type: 3}
      propertyPath: m_LocalRotation.y
      value: -0
      objectReference: {fileID: 0}
    - target: {fileID: 4551856270140296, guid: e62fe7588430d264ab316d646f76d61d, type: 3}
      propertyPath: m_LocalRotation.z
      value: -0
      objectReference: {fileID: 0}
    - target: {fileID: 4551856270140296, guid: e62fe7588430d264ab316d646f76d61d, type: 3}
      propertyPath: m_LocalRotation.w
      value: 1
      objectReference: {fileID: 0}
    - target: {fileID: 4551856270140296, guid: e62fe7588430d264ab316d646f76d61d, type: 3}
      propertyPath: m_RootOrder
      value: 8
      objectReference: {fileID: 0}
    - target: {fileID: 4551856270140296, guid: e62fe7588430d264ab316d646f76d61d, type: 3}
      propertyPath: m_LocalEulerAnglesHint.x
      value: 0
      objectReference: {fileID: 0}
    - target: {fileID: 4551856270140296, guid: e62fe7588430d264ab316d646f76d61d, type: 3}
      propertyPath: m_LocalEulerAnglesHint.y
      value: 0
      objectReference: {fileID: 0}
    - target: {fileID: 4551856270140296, guid: e62fe7588430d264ab316d646f76d61d, type: 3}
      propertyPath: m_LocalEulerAnglesHint.z
      value: 0
      objectReference: {fileID: 0}
    m_RemovedComponents: []
  m_SourcePrefab: {fileID: 100100000, guid: e62fe7588430d264ab316d646f76d61d, type: 3}
--- !u!4 &1681438707610306566 stripped
Transform:
  m_CorrespondingSourceObject: {fileID: 4551856270140296, guid: e62fe7588430d264ab316d646f76d61d,
    type: 3}
  m_PrefabInstance: {fileID: 1676887702818565006}
  m_PrefabAsset: {fileID: 0}
--- !u!1001 &1676887702956317034
PrefabInstance:
  m_ObjectHideFlags: 0
  serializedVersion: 2
  m_Modification:
    m_TransformParent: {fileID: 1676887703479951655}
    m_Modifications:
    - target: {fileID: 7344740371761733890, guid: ccd94658f03fd1c46ba988b25edffa94,
        type: 3}
      propertyPath: m_LocalPosition.x
      value: -3.2476716
      objectReference: {fileID: 0}
    - target: {fileID: 7344740371761733890, guid: ccd94658f03fd1c46ba988b25edffa94,
        type: 3}
      propertyPath: m_LocalPosition.y
      value: 15
      objectReference: {fileID: 0}
    - target: {fileID: 7344740371761733890, guid: ccd94658f03fd1c46ba988b25edffa94,
        type: 3}
      propertyPath: m_LocalPosition.z
      value: 20.248812
      objectReference: {fileID: 0}
    - target: {fileID: 7344740371761733890, guid: ccd94658f03fd1c46ba988b25edffa94,
        type: 3}
      propertyPath: m_LocalRotation.x
      value: -0
      objectReference: {fileID: 0}
    - target: {fileID: 7344740371761733890, guid: ccd94658f03fd1c46ba988b25edffa94,
        type: 3}
      propertyPath: m_LocalRotation.y
      value: -0
      objectReference: {fileID: 0}
    - target: {fileID: 7344740371761733890, guid: ccd94658f03fd1c46ba988b25edffa94,
        type: 3}
      propertyPath: m_LocalRotation.z
      value: -0
      objectReference: {fileID: 0}
    - target: {fileID: 7344740371761733890, guid: ccd94658f03fd1c46ba988b25edffa94,
        type: 3}
      propertyPath: m_LocalRotation.w
      value: 1
      objectReference: {fileID: 0}
    - target: {fileID: 7344740371761733890, guid: ccd94658f03fd1c46ba988b25edffa94,
        type: 3}
      propertyPath: m_RootOrder
      value: 4
      objectReference: {fileID: 0}
    - target: {fileID: 7344740371761733890, guid: ccd94658f03fd1c46ba988b25edffa94,
        type: 3}
      propertyPath: m_LocalEulerAnglesHint.x
      value: 0
      objectReference: {fileID: 0}
    - target: {fileID: 7344740371761733890, guid: ccd94658f03fd1c46ba988b25edffa94,
        type: 3}
      propertyPath: m_LocalEulerAnglesHint.y
      value: 0
      objectReference: {fileID: 0}
    - target: {fileID: 7344740371761733890, guid: ccd94658f03fd1c46ba988b25edffa94,
        type: 3}
      propertyPath: m_LocalEulerAnglesHint.z
      value: 0
      objectReference: {fileID: 0}
    - target: {fileID: 7348436939774055740, guid: ccd94658f03fd1c46ba988b25edffa94,
        type: 3}
      propertyPath: m_Name
      value: SM_Plant_Fern_Leaves_02
      objectReference: {fileID: 0}
    m_RemovedComponents: []
  m_SourcePrefab: {fileID: 100100000, guid: ccd94658f03fd1c46ba988b25edffa94, type: 3}
--- !u!4 &8261926148816681064 stripped
Transform:
  m_CorrespondingSourceObject: {fileID: 7344740371761733890, guid: ccd94658f03fd1c46ba988b25edffa94,
    type: 3}
  m_PrefabInstance: {fileID: 1676887702956317034}
  m_PrefabAsset: {fileID: 0}
--- !u!1001 &1676887703043802031
PrefabInstance:
  m_ObjectHideFlags: 0
  serializedVersion: 2
  m_Modification:
    m_TransformParent: {fileID: 1676887703479951655}
    m_Modifications:
    - target: {fileID: 5630682564187845410, guid: 804a3e1543690624e9bc488fdf3f3898,
        type: 3}
      propertyPath: m_Name
      value: SM_Plant_PurpleFlower_01
      objectReference: {fileID: 0}
    - target: {fileID: 5633117478182644458, guid: 804a3e1543690624e9bc488fdf3f3898,
        type: 3}
      propertyPath: m_LocalPosition.x
      value: -0.68
      objectReference: {fileID: 0}
    - target: {fileID: 5633117478182644458, guid: 804a3e1543690624e9bc488fdf3f3898,
        type: 3}
      propertyPath: m_LocalPosition.y
      value: 15.012094
      objectReference: {fileID: 0}
    - target: {fileID: 5633117478182644458, guid: 804a3e1543690624e9bc488fdf3f3898,
        type: 3}
      propertyPath: m_LocalPosition.z
      value: 14.81
      objectReference: {fileID: 0}
    - target: {fileID: 5633117478182644458, guid: 804a3e1543690624e9bc488fdf3f3898,
        type: 3}
      propertyPath: m_LocalRotation.x
      value: -0
      objectReference: {fileID: 0}
    - target: {fileID: 5633117478182644458, guid: 804a3e1543690624e9bc488fdf3f3898,
        type: 3}
      propertyPath: m_LocalRotation.y
      value: -0
      objectReference: {fileID: 0}
    - target: {fileID: 5633117478182644458, guid: 804a3e1543690624e9bc488fdf3f3898,
        type: 3}
      propertyPath: m_LocalRotation.z
      value: -0
      objectReference: {fileID: 0}
    - target: {fileID: 5633117478182644458, guid: 804a3e1543690624e9bc488fdf3f3898,
        type: 3}
      propertyPath: m_LocalRotation.w
      value: 1
      objectReference: {fileID: 0}
    - target: {fileID: 5633117478182644458, guid: 804a3e1543690624e9bc488fdf3f3898,
        type: 3}
      propertyPath: m_RootOrder
      value: 17
      objectReference: {fileID: 0}
    - target: {fileID: 5633117478182644458, guid: 804a3e1543690624e9bc488fdf3f3898,
        type: 3}
      propertyPath: m_LocalEulerAnglesHint.x
      value: 0
      objectReference: {fileID: 0}
    - target: {fileID: 5633117478182644458, guid: 804a3e1543690624e9bc488fdf3f3898,
        type: 3}
      propertyPath: m_LocalEulerAnglesHint.y
      value: 0
      objectReference: {fileID: 0}
    - target: {fileID: 5633117478182644458, guid: 804a3e1543690624e9bc488fdf3f3898,
        type: 3}
      propertyPath: m_LocalEulerAnglesHint.z
      value: 0
      objectReference: {fileID: 0}
    m_RemovedComponents: []
  m_SourcePrefab: {fileID: 100100000, guid: 804a3e1543690624e9bc488fdf3f3898, type: 3}
--- !u!4 &6442780776101275973 stripped
Transform:
  m_CorrespondingSourceObject: {fileID: 5633117478182644458, guid: 804a3e1543690624e9bc488fdf3f3898,
    type: 3}
  m_PrefabInstance: {fileID: 1676887703043802031}
  m_PrefabAsset: {fileID: 0}
--- !u!1001 &1676887703097070479
PrefabInstance:
  m_ObjectHideFlags: 0
  serializedVersion: 2
  m_Modification:
    m_TransformParent: {fileID: 1676887703479951655}
    m_Modifications:
    - target: {fileID: 5630682564187845410, guid: 804a3e1543690624e9bc488fdf3f3898,
        type: 3}
      propertyPath: m_Name
      value: SM_Plant_PurpleFlower_01 (1)
      objectReference: {fileID: 0}
    - target: {fileID: 5633117478182644458, guid: 804a3e1543690624e9bc488fdf3f3898,
        type: 3}
      propertyPath: m_LocalPosition.x
      value: -2.68
      objectReference: {fileID: 0}
    - target: {fileID: 5633117478182644458, guid: 804a3e1543690624e9bc488fdf3f3898,
        type: 3}
      propertyPath: m_LocalPosition.y
      value: 15.012094
      objectReference: {fileID: 0}
    - target: {fileID: 5633117478182644458, guid: 804a3e1543690624e9bc488fdf3f3898,
        type: 3}
      propertyPath: m_LocalPosition.z
      value: 8.9
      objectReference: {fileID: 0}
    - target: {fileID: 5633117478182644458, guid: 804a3e1543690624e9bc488fdf3f3898,
        type: 3}
      propertyPath: m_LocalRotation.x
      value: -0
      objectReference: {fileID: 0}
    - target: {fileID: 5633117478182644458, guid: 804a3e1543690624e9bc488fdf3f3898,
        type: 3}
      propertyPath: m_LocalRotation.y
      value: -0
      objectReference: {fileID: 0}
    - target: {fileID: 5633117478182644458, guid: 804a3e1543690624e9bc488fdf3f3898,
        type: 3}
      propertyPath: m_LocalRotation.z
      value: -0
      objectReference: {fileID: 0}
    - target: {fileID: 5633117478182644458, guid: 804a3e1543690624e9bc488fdf3f3898,
        type: 3}
      propertyPath: m_LocalRotation.w
      value: 1
      objectReference: {fileID: 0}
    - target: {fileID: 5633117478182644458, guid: 804a3e1543690624e9bc488fdf3f3898,
        type: 3}
      propertyPath: m_RootOrder
      value: 16
      objectReference: {fileID: 0}
    - target: {fileID: 5633117478182644458, guid: 804a3e1543690624e9bc488fdf3f3898,
        type: 3}
      propertyPath: m_LocalEulerAnglesHint.x
      value: 0
      objectReference: {fileID: 0}
    - target: {fileID: 5633117478182644458, guid: 804a3e1543690624e9bc488fdf3f3898,
        type: 3}
      propertyPath: m_LocalEulerAnglesHint.y
      value: 0
      objectReference: {fileID: 0}
    - target: {fileID: 5633117478182644458, guid: 804a3e1543690624e9bc488fdf3f3898,
        type: 3}
      propertyPath: m_LocalEulerAnglesHint.z
      value: 0
      objectReference: {fileID: 0}
    m_RemovedComponents: []
  m_SourcePrefab: {fileID: 100100000, guid: 804a3e1543690624e9bc488fdf3f3898, type: 3}
--- !u!4 &6442780776119187813 stripped
Transform:
  m_CorrespondingSourceObject: {fileID: 5633117478182644458, guid: 804a3e1543690624e9bc488fdf3f3898,
    type: 3}
  m_PrefabInstance: {fileID: 1676887703097070479}
  m_PrefabAsset: {fileID: 0}
--- !u!1001 &1676887703149500812
PrefabInstance:
  m_ObjectHideFlags: 0
  serializedVersion: 2
  m_Modification:
    m_TransformParent: {fileID: 1676887703479951655}
    m_Modifications:
    - target: {fileID: 1991334208636818233, guid: c4919c7db11e53748b898639c0d601e2,
        type: 3}
      propertyPath: m_LocalPosition.x
      value: -5.85
      objectReference: {fileID: 0}
    - target: {fileID: 1991334208636818233, guid: c4919c7db11e53748b898639c0d601e2,
        type: 3}
      propertyPath: m_LocalPosition.y
      value: 15.246
      objectReference: {fileID: 0}
    - target: {fileID: 1991334208636818233, guid: c4919c7db11e53748b898639c0d601e2,
        type: 3}
      propertyPath: m_LocalPosition.z
      value: 9.629
      objectReference: {fileID: 0}
    - target: {fileID: 1991334208636818233, guid: c4919c7db11e53748b898639c0d601e2,
        type: 3}
      propertyPath: m_LocalRotation.x
      value: -0
      objectReference: {fileID: 0}
    - target: {fileID: 1991334208636818233, guid: c4919c7db11e53748b898639c0d601e2,
        type: 3}
      propertyPath: m_LocalRotation.y
      value: -0
      objectReference: {fileID: 0}
    - target: {fileID: 1991334208636818233, guid: c4919c7db11e53748b898639c0d601e2,
        type: 3}
      propertyPath: m_LocalRotation.z
      value: -0
      objectReference: {fileID: 0}
    - target: {fileID: 1991334208636818233, guid: c4919c7db11e53748b898639c0d601e2,
        type: 3}
      propertyPath: m_LocalRotation.w
      value: 1
      objectReference: {fileID: 0}
    - target: {fileID: 1991334208636818233, guid: c4919c7db11e53748b898639c0d601e2,
        type: 3}
      propertyPath: m_RootOrder
      value: 2
      objectReference: {fileID: 0}
    - target: {fileID: 1991334208636818233, guid: c4919c7db11e53748b898639c0d601e2,
        type: 3}
      propertyPath: m_LocalEulerAnglesHint.x
      value: 0
      objectReference: {fileID: 0}
    - target: {fileID: 1991334208636818233, guid: c4919c7db11e53748b898639c0d601e2,
        type: 3}
      propertyPath: m_LocalEulerAnglesHint.y
      value: 0
      objectReference: {fileID: 0}
    - target: {fileID: 1991334208636818233, guid: c4919c7db11e53748b898639c0d601e2,
        type: 3}
      propertyPath: m_LocalEulerAnglesHint.z
      value: 0
      objectReference: {fileID: 0}
    - target: {fileID: 1993082122494628097, guid: c4919c7db11e53748b898639c0d601e2,
        type: 3}
      propertyPath: m_Name
      value: SM_Plant_Mushrooms_02
      objectReference: {fileID: 0}
    m_RemovedComponents: []
  m_SourcePrefab: {fileID: 100100000, guid: c4919c7db11e53748b898639c0d601e2, type: 3}
--- !u!4 &929750961345514165 stripped
Transform:
  m_CorrespondingSourceObject: {fileID: 1991334208636818233, guid: c4919c7db11e53748b898639c0d601e2,
    type: 3}
  m_PrefabInstance: {fileID: 1676887703149500812}
  m_PrefabAsset: {fileID: 0}
--- !u!1001 &1676887703168194970
PrefabInstance:
  m_ObjectHideFlags: 0
  serializedVersion: 2
  m_Modification:
    m_TransformParent: {fileID: 1676887703479951655}
    m_Modifications:
    - target: {fileID: 1357630425699122, guid: 29d06c673ff3f1948abb2e144ac73d66, type: 3}
      propertyPath: m_Name
      value: SunBeams_Particle (2)
      objectReference: {fileID: 0}
    - target: {fileID: 4358820364207982, guid: 29d06c673ff3f1948abb2e144ac73d66, type: 3}
      propertyPath: m_LocalPosition.x
      value: -0.43
      objectReference: {fileID: 0}
    - target: {fileID: 4358820364207982, guid: 29d06c673ff3f1948abb2e144ac73d66, type: 3}
      propertyPath: m_LocalPosition.y
      value: 22
      objectReference: {fileID: 0}
    - target: {fileID: 4358820364207982, guid: 29d06c673ff3f1948abb2e144ac73d66, type: 3}
      propertyPath: m_LocalPosition.z
      value: 13.29
      objectReference: {fileID: 0}
    - target: {fileID: 4358820364207982, guid: 29d06c673ff3f1948abb2e144ac73d66, type: 3}
      propertyPath: m_LocalRotation.x
      value: -0.049744923
      objectReference: {fileID: 0}
    - target: {fileID: 4358820364207982, guid: 29d06c673ff3f1948abb2e144ac73d66, type: 3}
      propertyPath: m_LocalRotation.y
      value: 0.25581998
      objectReference: {fileID: 0}
    - target: {fileID: 4358820364207982, guid: 29d06c673ff3f1948abb2e144ac73d66, type: 3}
      propertyPath: m_LocalRotation.z
      value: -0.20313609
      objectReference: {fileID: 0}
    - target: {fileID: 4358820364207982, guid: 29d06c673ff3f1948abb2e144ac73d66, type: 3}
      propertyPath: m_LocalRotation.w
      value: 0.9438312
      objectReference: {fileID: 0}
    - target: {fileID: 4358820364207982, guid: 29d06c673ff3f1948abb2e144ac73d66, type: 3}
      propertyPath: m_RootOrder
      value: 24
      objectReference: {fileID: 0}
    - target: {fileID: 4358820364207982, guid: 29d06c673ff3f1948abb2e144ac73d66, type: 3}
      propertyPath: m_LocalEulerAnglesHint.x
      value: 0.57500005
      objectReference: {fileID: 0}
    - target: {fileID: 4358820364207982, guid: 29d06c673ff3f1948abb2e144ac73d66, type: 3}
      propertyPath: m_LocalEulerAnglesHint.y
      value: 30.208002
      objectReference: {fileID: 0}
    - target: {fileID: 4358820364207982, guid: 29d06c673ff3f1948abb2e144ac73d66, type: 3}
      propertyPath: m_LocalEulerAnglesHint.z
      value: -24.137001
      objectReference: {fileID: 0}
    m_RemovedComponents: []
  m_SourcePrefab: {fileID: 100100000, guid: 29d06c673ff3f1948abb2e144ac73d66, type: 3}
--- !u!4 &1678431067142184692 stripped
Transform:
  m_CorrespondingSourceObject: {fileID: 4358820364207982, guid: 29d06c673ff3f1948abb2e144ac73d66,
    type: 3}
  m_PrefabInstance: {fileID: 1676887703168194970}
  m_PrefabAsset: {fileID: 0}
--- !u!1001 &1676887703784572927
PrefabInstance:
  m_ObjectHideFlags: 0
  serializedVersion: 2
  m_Modification:
    m_TransformParent: {fileID: 1676887703479951655}
    m_Modifications:
    - target: {fileID: 7166059775579669016, guid: 2d7d538312c45bd4d97b43c74186ea70,
        type: 3}
      propertyPath: m_Name
      value: SM_Plant_Flowers_01 (1)
      objectReference: {fileID: 0}
    - target: {fileID: 7167654953442984580, guid: 2d7d538312c45bd4d97b43c74186ea70,
        type: 3}
      propertyPath: m_LocalPosition.x
      value: -6.713163
      objectReference: {fileID: 0}
    - target: {fileID: 7167654953442984580, guid: 2d7d538312c45bd4d97b43c74186ea70,
        type: 3}
      propertyPath: m_LocalPosition.y
      value: 15.082544
      objectReference: {fileID: 0}
    - target: {fileID: 7167654953442984580, guid: 2d7d538312c45bd4d97b43c74186ea70,
        type: 3}
      propertyPath: m_LocalPosition.z
      value: 10.935014
      objectReference: {fileID: 0}
    - target: {fileID: 7167654953442984580, guid: 2d7d538312c45bd4d97b43c74186ea70,
        type: 3}
      propertyPath: m_LocalRotation.x
      value: -0
      objectReference: {fileID: 0}
    - target: {fileID: 7167654953442984580, guid: 2d7d538312c45bd4d97b43c74186ea70,
        type: 3}
      propertyPath: m_LocalRotation.y
      value: -0
      objectReference: {fileID: 0}
    - target: {fileID: 7167654953442984580, guid: 2d7d538312c45bd4d97b43c74186ea70,
        type: 3}
      propertyPath: m_LocalRotation.z
      value: -0
      objectReference: {fileID: 0}
    - target: {fileID: 7167654953442984580, guid: 2d7d538312c45bd4d97b43c74186ea70,
        type: 3}
      propertyPath: m_LocalRotation.w
      value: 1
      objectReference: {fileID: 0}
    - target: {fileID: 7167654953442984580, guid: 2d7d538312c45bd4d97b43c74186ea70,
        type: 3}
      propertyPath: m_RootOrder
      value: 14
      objectReference: {fileID: 0}
    - target: {fileID: 7167654953442984580, guid: 2d7d538312c45bd4d97b43c74186ea70,
        type: 3}
      propertyPath: m_LocalEulerAnglesHint.x
      value: 0
      objectReference: {fileID: 0}
    - target: {fileID: 7167654953442984580, guid: 2d7d538312c45bd4d97b43c74186ea70,
        type: 3}
      propertyPath: m_LocalEulerAnglesHint.y
      value: 0
      objectReference: {fileID: 0}
    - target: {fileID: 7167654953442984580, guid: 2d7d538312c45bd4d97b43c74186ea70,
        type: 3}
      propertyPath: m_LocalEulerAnglesHint.z
      value: 0
      objectReference: {fileID: 0}
    m_RemovedComponents: []
  m_SourcePrefab: {fileID: 100100000, guid: 2d7d538312c45bd4d97b43c74186ea70, type: 3}
--- !u!4 &8375886406270387579 stripped
Transform:
  m_CorrespondingSourceObject: {fileID: 7167654953442984580, guid: 2d7d538312c45bd4d97b43c74186ea70,
    type: 3}
  m_PrefabInstance: {fileID: 1676887703784572927}
  m_PrefabAsset: {fileID: 0}
--- !u!1001 &1676887703815229709
PrefabInstance:
  m_ObjectHideFlags: 0
  serializedVersion: 2
  m_Modification:
    m_TransformParent: {fileID: 1676887703479951655}
    m_Modifications:
    - target: {fileID: 1161882472327406, guid: e62fe7588430d264ab316d646f76d61d, type: 3}
      propertyPath: m_Name
      value: Glowing_Dust_01 (5)
      objectReference: {fileID: 0}
    - target: {fileID: 4551856270140296, guid: e62fe7588430d264ab316d646f76d61d, type: 3}
      propertyPath: m_LocalPosition.x
      value: -3.57
      objectReference: {fileID: 0}
    - target: {fileID: 4551856270140296, guid: e62fe7588430d264ab316d646f76d61d, type: 3}
      propertyPath: m_LocalPosition.y
      value: 15
      objectReference: {fileID: 0}
    - target: {fileID: 4551856270140296, guid: e62fe7588430d264ab316d646f76d61d, type: 3}
      propertyPath: m_LocalPosition.z
      value: 19.44
      objectReference: {fileID: 0}
    - target: {fileID: 4551856270140296, guid: e62fe7588430d264ab316d646f76d61d, type: 3}
      propertyPath: m_LocalRotation.x
      value: -0
      objectReference: {fileID: 0}
    - target: {fileID: 4551856270140296, guid: e62fe7588430d264ab316d646f76d61d, type: 3}
      propertyPath: m_LocalRotation.y
      value: -0
      objectReference: {fileID: 0}
    - target: {fileID: 4551856270140296, guid: e62fe7588430d264ab316d646f76d61d, type: 3}
      propertyPath: m_LocalRotation.z
      value: -0
      objectReference: {fileID: 0}
    - target: {fileID: 4551856270140296, guid: e62fe7588430d264ab316d646f76d61d, type: 3}
      propertyPath: m_LocalRotation.w
      value: 1
      objectReference: {fileID: 0}
    - target: {fileID: 4551856270140296, guid: e62fe7588430d264ab316d646f76d61d, type: 3}
      propertyPath: m_RootOrder
      value: 9
      objectReference: {fileID: 0}
    - target: {fileID: 4551856270140296, guid: e62fe7588430d264ab316d646f76d61d, type: 3}
      propertyPath: m_LocalEulerAnglesHint.x
      value: 0
      objectReference: {fileID: 0}
    - target: {fileID: 4551856270140296, guid: e62fe7588430d264ab316d646f76d61d, type: 3}
      propertyPath: m_LocalEulerAnglesHint.y
      value: 0
      objectReference: {fileID: 0}
    - target: {fileID: 4551856270140296, guid: e62fe7588430d264ab316d646f76d61d, type: 3}
      propertyPath: m_LocalEulerAnglesHint.z
      value: 0
      objectReference: {fileID: 0}
    m_RemovedComponents: []
  m_SourcePrefab: {fileID: 100100000, guid: e62fe7588430d264ab316d646f76d61d, type: 3}
--- !u!4 &1681438708608037509 stripped
Transform:
  m_CorrespondingSourceObject: {fileID: 4551856270140296, guid: e62fe7588430d264ab316d646f76d61d,
    type: 3}
  m_PrefabInstance: {fileID: 1676887703815229709}
  m_PrefabAsset: {fileID: 0}
--- !u!1001 &1676887703816191122
PrefabInstance:
  m_ObjectHideFlags: 0
  serializedVersion: 2
  m_Modification:
    m_TransformParent: {fileID: 1676887703479951655}
    m_Modifications:
    - target: {fileID: 113601228244387276, guid: fdec781cd5f6a414ab49a06d511f4e97,
        type: 3}
      propertyPath: m_LocalPosition.x
      value: -1.0434041
      objectReference: {fileID: 0}
    - target: {fileID: 113601228244387276, guid: fdec781cd5f6a414ab49a06d511f4e97,
        type: 3}
      propertyPath: m_LocalPosition.y
      value: 15.074298
      objectReference: {fileID: 0}
    - target: {fileID: 113601228244387276, guid: fdec781cd5f6a414ab49a06d511f4e97,
        type: 3}
      propertyPath: m_LocalPosition.z
      value: 8.691021
      objectReference: {fileID: 0}
    - target: {fileID: 113601228244387276, guid: fdec781cd5f6a414ab49a06d511f4e97,
        type: 3}
      propertyPath: m_LocalRotation.x
      value: -0
      objectReference: {fileID: 0}
    - target: {fileID: 113601228244387276, guid: fdec781cd5f6a414ab49a06d511f4e97,
        type: 3}
      propertyPath: m_LocalRotation.y
      value: -0
      objectReference: {fileID: 0}
    - target: {fileID: 113601228244387276, guid: fdec781cd5f6a414ab49a06d511f4e97,
        type: 3}
      propertyPath: m_LocalRotation.z
      value: -0
      objectReference: {fileID: 0}
    - target: {fileID: 113601228244387276, guid: fdec781cd5f6a414ab49a06d511f4e97,
        type: 3}
      propertyPath: m_LocalRotation.w
      value: 1
      objectReference: {fileID: 0}
    - target: {fileID: 113601228244387276, guid: fdec781cd5f6a414ab49a06d511f4e97,
        type: 3}
      propertyPath: m_RootOrder
      value: 0
      objectReference: {fileID: 0}
    - target: {fileID: 113601228244387276, guid: fdec781cd5f6a414ab49a06d511f4e97,
        type: 3}
      propertyPath: m_LocalEulerAnglesHint.x
      value: 0
      objectReference: {fileID: 0}
    - target: {fileID: 113601228244387276, guid: fdec781cd5f6a414ab49a06d511f4e97,
        type: 3}
      propertyPath: m_LocalEulerAnglesHint.y
      value: 0
      objectReference: {fileID: 0}
    - target: {fileID: 113601228244387276, guid: fdec781cd5f6a414ab49a06d511f4e97,
        type: 3}
      propertyPath: m_LocalEulerAnglesHint.z
      value: 0
      objectReference: {fileID: 0}
    - target: {fileID: 115845050326667166, guid: fdec781cd5f6a414ab49a06d511f4e97,
        type: 3}
      propertyPath: m_Name
      value: SM_Plant_Bush_Leaves_01
      objectReference: {fileID: 0}
    m_RemovedComponents: []
  m_SourcePrefab: {fileID: 100100000, guid: fdec781cd5f6a414ab49a06d511f4e97, type: 3}
--- !u!4 &1645528880898980190 stripped
Transform:
  m_CorrespondingSourceObject: {fileID: 113601228244387276, guid: fdec781cd5f6a414ab49a06d511f4e97,
    type: 3}
  m_PrefabInstance: {fileID: 1676887703816191122}
  m_PrefabAsset: {fileID: 0}
--- !u!1001 &1676887703830519640
PrefabInstance:
  m_ObjectHideFlags: 0
  serializedVersion: 2
  m_Modification:
    m_TransformParent: {fileID: 1676887703479951655}
    m_Modifications:
    - target: {fileID: 1801910354565224393, guid: e386604538fc0874c9483295cf04cfd1,
        type: 3}
      propertyPath: m_LocalPosition.x
      value: -6.27
      objectReference: {fileID: 0}
    - target: {fileID: 1801910354565224393, guid: e386604538fc0874c9483295cf04cfd1,
        type: 3}
      propertyPath: m_LocalPosition.y
      value: 15.082
      objectReference: {fileID: 0}
    - target: {fileID: 1801910354565224393, guid: e386604538fc0874c9483295cf04cfd1,
        type: 3}
      propertyPath: m_LocalPosition.z
      value: 10.85
      objectReference: {fileID: 0}
    - target: {fileID: 1801910354565224393, guid: e386604538fc0874c9483295cf04cfd1,
        type: 3}
      propertyPath: m_LocalRotation.x
      value: -0
      objectReference: {fileID: 0}
    - target: {fileID: 1801910354565224393, guid: e386604538fc0874c9483295cf04cfd1,
        type: 3}
      propertyPath: m_LocalRotation.y
      value: -0
      objectReference: {fileID: 0}
    - target: {fileID: 1801910354565224393, guid: e386604538fc0874c9483295cf04cfd1,
        type: 3}
      propertyPath: m_LocalRotation.z
      value: -0
      objectReference: {fileID: 0}
    - target: {fileID: 1801910354565224393, guid: e386604538fc0874c9483295cf04cfd1,
        type: 3}
      propertyPath: m_LocalRotation.w
      value: 1
      objectReference: {fileID: 0}
    - target: {fileID: 1801910354565224393, guid: e386604538fc0874c9483295cf04cfd1,
        type: 3}
      propertyPath: m_RootOrder
      value: 21
      objectReference: {fileID: 0}
    - target: {fileID: 1801910354565224393, guid: e386604538fc0874c9483295cf04cfd1,
        type: 3}
      propertyPath: m_LocalEulerAnglesHint.x
      value: 0
      objectReference: {fileID: 0}
    - target: {fileID: 1801910354565224393, guid: e386604538fc0874c9483295cf04cfd1,
        type: 3}
      propertyPath: m_LocalEulerAnglesHint.y
      value: 0
      objectReference: {fileID: 0}
    - target: {fileID: 1801910354565224393, guid: e386604538fc0874c9483295cf04cfd1,
        type: 3}
      propertyPath: m_LocalEulerAnglesHint.z
      value: 0
      objectReference: {fileID: 0}
    - target: {fileID: 1807661157570606899, guid: e386604538fc0874c9483295cf04cfd1,
        type: 3}
      propertyPath: m_Name
      value: SM_Plant_Fern_Leaves_01 (1)
      objectReference: {fileID: 0}
    m_RemovedComponents: []
  m_SourcePrefab: {fileID: 100100000, guid: e386604538fc0874c9483295cf04cfd1, type: 3}
--- !u!4 &1027994515710707857 stripped
Transform:
  m_CorrespondingSourceObject: {fileID: 1801910354565224393, guid: e386604538fc0874c9483295cf04cfd1,
    type: 3}
  m_PrefabInstance: {fileID: 1676887703830519640}
  m_PrefabAsset: {fileID: 0}
--- !u!1001 &1676887703871051405
PrefabInstance:
  m_ObjectHideFlags: 0
  serializedVersion: 2
  m_Modification:
    m_TransformParent: {fileID: 1676887703479951655}
    m_Modifications:
    - target: {fileID: 1161882472327406, guid: e62fe7588430d264ab316d646f76d61d, type: 3}
      propertyPath: m_Name
      value: Glowing_Dust_01 (4)
      objectReference: {fileID: 0}
    - target: {fileID: 4551856270140296, guid: e62fe7588430d264ab316d646f76d61d, type: 3}
      propertyPath: m_LocalPosition.x
      value: -3.2799997
      objectReference: {fileID: 0}
    - target: {fileID: 4551856270140296, guid: e62fe7588430d264ab316d646f76d61d, type: 3}
      propertyPath: m_LocalPosition.y
      value: 15
      objectReference: {fileID: 0}
    - target: {fileID: 4551856270140296, guid: e62fe7588430d264ab316d646f76d61d, type: 3}
      propertyPath: m_LocalPosition.z
      value: 13.11
      objectReference: {fileID: 0}
    - target: {fileID: 4551856270140296, guid: e62fe7588430d264ab316d646f76d61d, type: 3}
      propertyPath: m_LocalRotation.x
      value: -0
      objectReference: {fileID: 0}
    - target: {fileID: 4551856270140296, guid: e62fe7588430d264ab316d646f76d61d, type: 3}
      propertyPath: m_LocalRotation.y
      value: -0
      objectReference: {fileID: 0}
    - target: {fileID: 4551856270140296, guid: e62fe7588430d264ab316d646f76d61d, type: 3}
      propertyPath: m_LocalRotation.z
      value: -0
      objectReference: {fileID: 0}
    - target: {fileID: 4551856270140296, guid: e62fe7588430d264ab316d646f76d61d, type: 3}
      propertyPath: m_LocalRotation.w
      value: 1
      objectReference: {fileID: 0}
    - target: {fileID: 4551856270140296, guid: e62fe7588430d264ab316d646f76d61d, type: 3}
      propertyPath: m_RootOrder
      value: 7
      objectReference: {fileID: 0}
    - target: {fileID: 4551856270140296, guid: e62fe7588430d264ab316d646f76d61d, type: 3}
      propertyPath: m_LocalEulerAnglesHint.x
      value: 0
      objectReference: {fileID: 0}
    - target: {fileID: 4551856270140296, guid: e62fe7588430d264ab316d646f76d61d, type: 3}
      propertyPath: m_LocalEulerAnglesHint.y
      value: 0
      objectReference: {fileID: 0}
    - target: {fileID: 4551856270140296, guid: e62fe7588430d264ab316d646f76d61d, type: 3}
      propertyPath: m_LocalEulerAnglesHint.z
      value: 0
      objectReference: {fileID: 0}
    m_RemovedComponents: []
  m_SourcePrefab: {fileID: 100100000, guid: e62fe7588430d264ab316d646f76d61d, type: 3}
--- !u!4 &1681438708663366917 stripped
Transform:
  m_CorrespondingSourceObject: {fileID: 4551856270140296, guid: e62fe7588430d264ab316d646f76d61d,
    type: 3}
  m_PrefabInstance: {fileID: 1676887703871051405}
  m_PrefabAsset: {fileID: 0}
--- !u!1001 &1676887704018777421
PrefabInstance:
  m_ObjectHideFlags: 0
  serializedVersion: 2
  m_Modification:
    m_TransformParent: {fileID: 1676887703479951655}
    m_Modifications:
    - target: {fileID: 7314933123722623486, guid: 2053d29399bafb845997664ed5c49665,
        type: 3}
      propertyPath: m_Name
      value: SM_Plant_Grass_02
      objectReference: {fileID: 0}
    - target: {fileID: 7317092565276798798, guid: 2053d29399bafb845997664ed5c49665,
        type: 3}
      propertyPath: m_LocalPosition.x
      value: -5.107
      objectReference: {fileID: 0}
    - target: {fileID: 7317092565276798798, guid: 2053d29399bafb845997664ed5c49665,
        type: 3}
      propertyPath: m_LocalPosition.y
      value: 15.08
      objectReference: {fileID: 0}
    - target: {fileID: 7317092565276798798, guid: 2053d29399bafb845997664ed5c49665,
        type: 3}
      propertyPath: m_LocalPosition.z
      value: 20.297
      objectReference: {fileID: 0}
    - target: {fileID: 7317092565276798798, guid: 2053d29399bafb845997664ed5c49665,
        type: 3}
      propertyPath: m_LocalRotation.x
      value: -0
      objectReference: {fileID: 0}
    - target: {fileID: 7317092565276798798, guid: 2053d29399bafb845997664ed5c49665,
        type: 3}
      propertyPath: m_LocalRotation.y
      value: -0
      objectReference: {fileID: 0}
    - target: {fileID: 7317092565276798798, guid: 2053d29399bafb845997664ed5c49665,
        type: 3}
      propertyPath: m_LocalRotation.z
      value: -0
      objectReference: {fileID: 0}
    - target: {fileID: 7317092565276798798, guid: 2053d29399bafb845997664ed5c49665,
        type: 3}
      propertyPath: m_LocalRotation.w
      value: 1
      objectReference: {fileID: 0}
    - target: {fileID: 7317092565276798798, guid: 2053d29399bafb845997664ed5c49665,
        type: 3}
      propertyPath: m_RootOrder
      value: 11
      objectReference: {fileID: 0}
    - target: {fileID: 7317092565276798798, guid: 2053d29399bafb845997664ed5c49665,
        type: 3}
      propertyPath: m_LocalEulerAnglesHint.x
      value: 0
      objectReference: {fileID: 0}
    - target: {fileID: 7317092565276798798, guid: 2053d29399bafb845997664ed5c49665,
        type: 3}
      propertyPath: m_LocalEulerAnglesHint.y
      value: 0
      objectReference: {fileID: 0}
    - target: {fileID: 7317092565276798798, guid: 2053d29399bafb845997664ed5c49665,
        type: 3}
      propertyPath: m_LocalEulerAnglesHint.z
      value: 0
      objectReference: {fileID: 0}
    m_RemovedComponents: []
  m_SourcePrefab: {fileID: 100100000, guid: 2053d29399bafb845997664ed5c49665, type: 3}
--- !u!4 &8272558983646796291 stripped
Transform:
  m_CorrespondingSourceObject: {fileID: 7317092565276798798, guid: 2053d29399bafb845997664ed5c49665,
    type: 3}
  m_PrefabInstance: {fileID: 1676887704018777421}
  m_PrefabAsset: {fileID: 0}
